Map: Orbital Shipyard

Players

KeLevRa - Winner!

  • Race: Terran Terran
  • League: Diamond

A.I. 1 (Hard)

  • Race: Zerg Zerg

VOD

Have the link to the VOD?

Description

Time

  • Played on: Jan. 6, 2016, 9 a.m.
  • Length: 11:24
Show
View Real Time Build Order
Export as new Build Order

KeLevRa Terran - Winner!

Build Orders: Reaper Expand, MMM Bio 

Get SALT Encoding   

  12  0:00  SCV  
  13  0:13  SCV  
  14  0:17  Supply Depot  
  14  0:25  SCV  
  15  0:39  SCV, Barracks  
  16  0:44  Refinery  
  16  0:51  SCV  
  17  1:03  SCV  
  18  1:15  SCV  
  19  1:27  Orbital Command  
  19  1:29  Reaper  
  20  1:41  Command Center  
  20  1:53  SCV  
  21  1:54  Supply Depot  
  21  2:00  Refinery  
  21  2:01  Reaper  
  22  2:05  SCV  
  23  2:26  Factory  
  23  2:29  SCV  
  24  2:38  Barracks Reactor  
  24  2:41  SCV  
  25  2:52  Orbital Command  
  25  2:53  SCV  
  26  3:02  Command Center  
  26  3:07  SCV  
  26  3:10  Factory Tech Lab  
  26  3:12  Starport  
  27  3:15  Marine  
  27  3:16  Marine  
  29  3:20  SCV  
  29  3:21  SCV  
  31  3:30  Siege Tank  
  31  3:33  SCV  
  35  3:34  Marine  
  35  3:35  Marine  
  35  3:37  SCV  
  38  3:47  SCV  
  39  3:50  Viking  
  39  3:52  Marine  
  39  3:53  SCV, Marine  
  44  4:01  SCV  
  45  4:15  Factory Tech Lab  
  45  4:18  SCV, Barracks x2  
  45  4:19  SCV  
  45  4:20  Orbital Command  
  45  4:23  Barracks Tech Lab  
  47  4:28  Banshee, Cloaking Field  
  47  4:31  SCV  
  51  4:32  SCV  
  52  4:42  Engineering Bay x2  
  52  4:43  SCV  
  53  4:45  Refinery  
  53  4:47  SCV, Refinery  
  53  4:50  Marine  
  53  4:51  Stimpack  
  55  4:55  SCV  
  55  4:56  SCV  
  57  5:04  SCV  
  58  5:08  Terran Infantry Weapons Level 1  
  58  5:11  Marine x2  
  58  5:13  Marine  
  61  5:16  Supply Depot  
  61  5:17  Supply Depot  
  61  5:19  Terran Infantry Armor Level 1  
  61  5:20  Supply Depot  
  61  5:33  Banshee, SCV x2, Marine  
  61  5:34  SCV  
  69  5:38  Marauder  
  69  5:42  Supply Depot, Marine  
  72  5:44  Supply Depot  
  72  5:47  SCV x3  
  74  5:50  Combat Shields  
  74  5:56  Factory Reactor  
  74  5:59  SCV, Barracks  
  74  6:03  Barracks  
  75  6:10  Marine x4  
  79  6:11  SCV  
  79  6:13  SCV  
  79  6:17  Armory  
  82  6:25  SCV x2  
  83  6:28  SCV, Marine  
  85  6:35  Orbital Command  
  85  6:38  Medivac x2  
  85  6:39  SCV  
  91  6:40  SCV  
  91  6:43  Factory Reactor  
  91  6:52  Marine x2  
  91  6:53  Marauder  
  95  6:55  Barracks Reactor  
  95  6:58  Marine  
  96  7:05  Marauder  
  96  7:06  Concussive Shells  
  98  7:10  Marine  
  98  7:14  Marine, Marauder  
  98  7:15  Terran Infantry Weapons Level 2, Terran Infantry Armor Level 2  
  102  7:16  Marauder  
  102  7:17  SCV  
  104  7:23  Barracks x2  
  104  7:25  Barracks  
  104  7:26  Marine  
  104  7:27  Marine  
  100  7:32  Marine  
  100  7:33  Marine x2  
  100  7:35  Marauder  
  100  7:36  SCV x2  
  107  7:37  Marine  
  107  7:40  SCV, Refinery x2  
  109  8:01  Supply Depot  
  109  8:02  Supply Depot  
  109  8:03  Supply Depot  
  109  8:11  Barracks Reactor, Barracks Tech Lab  
  109  8:12  Barracks Tech Lab  
  109  8:13  Command Center  
  109  8:22  Widow Mine  
  109  8:23  SCV, Medivac x2, Widow Mine, Marine x4  
  109  8:24  SCV, Marine x2, Marauder  
  109  8:25  SCV  
  109  8:26  Supply Depot  
  128  8:29  Supply Depot  
  128  8:32  Supply Depot  
  128  8:36  SCV  
  128  8:37  SCV  
  128  8:39  Marine  
  128  8:40  Marine  
  132  8:41  Marine  
  132  8:48  SCV, Marauder, Marine x5  
  141  8:51  Supply Depot, Widow Mine x2, Marine x2  
  141  8:54  Supply Depot  
  147  8:57  Supply Depot  
  147  8:58  Marauder x2  
  147  8:59  Marine  
  152  9:04  Liberator x2  
  152  9:05  SCV, Marine  
  152  9:06  Marauder  
  156  9:13  Marauder x2  
  156  9:14  Marine x4  
  156  9:15  Supply Depot  
  164  9:17  Supply Depot, Marine  
  164  9:19  Marauder x2  
  164  9:20  Supply Depot  
  164  9:23  Marine  
  176  9:25  Fusion Core  
  176  9:27  Marauder  
  176  9:30  Starport  
  178  9:35  Marine x4  
  178  9:36  Marauder x2, Marine  
  187  9:40  Marine  
  187  9:44  Marine  
  189  9:51  Marine  
  189  9:52  Marine  
  191  9:53  Marine  
  196  10:01  Missile Turret x2, Marine x3  
  196  10:02  Marine  
  196  10:05  Missile Turret  
  200  10:12  SCV  
  197  10:14  Liberator x2  
  197  10:21  Barracks Reactor  
Show
View Real Time Build Order
Export as new Build Order

A.I. 1 (Hard) Zerg 

Build Orders: Pool First 

Get SALT Encoding   

  12  0:00  Drone  
  13  0:12  Overlord  
  13  0:17  Drone  
  14  0:30  Drone  
  14  0:32  Drone  
  16  0:44  Spawning Pool  
  16  0:45  Drone  
  16  0:48  Drone  
  17  0:52  Extractor  
  17  0:55  Drone  
  17  1:06  Overlord  
  17  1:30  Queen  
  17  1:31  Zergling x2  
  20  1:36  Roach Warren  
  20  1:38  Drone  
  20  1:42  Zergling x2  
  20  1:43  Extractor  
  20  1:49  Drone  
  21  1:59  Drone  
  22  2:17  Roach  
  22  2:22  Overlord  
  24  2:32  Roach  
  26  2:40  Drone  
  26  2:43  Roach  
  29  2:44  Overlord  
  29  2:55  Roach  
  29  2:58  Drone  
  32  3:09  Roach  
  34  3:14  Overlord  
  34  3:20  Roach  
  36  3:32  Roach  
  38  3:36  Overlord  
  38  3:43  Drone, Roach  
  38  3:48  Drone  
  42  3:50  Drone  
  42  3:54  Roach  
  45  4:02  Drone  
  46  4:06  Baneling Nest  
  45  4:12  Drone, Roach  
  45  4:13  Evolution Chamber  
  45  4:14  Drone  
  48  4:17  Drone  
  49  4:24  Drone  
  50  4:35  Roach  
  52  4:47  Roach  
  54  6:08  Drone  
  54  6:10  Drone  
  53  6:13  Drone  
  53  6:15  Drone  
  52  6:18  Drone  
  52  6:20  Drone  
  53  6:29  Queen  
  52  6:35  Drone, Overlord  
  52  6:36  Evolution Chamber, Drone, Zerg Melee Weapons Level 1  
  52  6:37  Spore Crawler, Drone  
  52  6:39  Drone  
  50  6:40  Spore Crawler  
  50  6:41  Hatchery  
  37  7:01  Zerg Missile Weapons Level 1  
  37  7:06  Burrow  
  33  7:29  Drone  
  19  7:37  Drone  
  19  7:43  Drone  
  20  7:51  Drone  
  20  7:53  Lair  
  20  7:57  Drone  
  22  8:00  Drone  
  22  8:01  Roach  
  22  8:02  Drone  
  26  8:07  Drone  
  26  8:08  Drone  
  26  8:09  Drone  
  26  8:10  Zergling x2  
  30  8:14  Drone  
  31  8:20  Drone  
  31  8:26  Drone  
  33  8:30  Zerg Ground Armor Level 1  
  33  8:32  Drone  
  34  8:37  Drone  
  35  8:42  Drone  
  35  8:44  Drone, Roach  
  35  8:48  Drone  
  40  8:51  Drone  
  41  8:56  Hydralisk Den  
  41  9:02  Drone  
  41  9:05  Drone  
  41  9:08  Drone  
  43  9:11  Drone  
  43  9:13  Drone  
  46  9:17  Drone  
  46  9:19  Drone  
  46  9:22  Drone  
  48  9:24  Drone  
  48  9:25  Hydralisk  
  48  9:29  Drone  
  52  9:31  Drone  
  53  9:39  Hydralisk  
  53  9:42  Drone  
  53  9:44  Drone  
  57  9:45  Drone  
  57  9:48  Drone  
  57  9:51  Roach  
  61  9:59  Overlord  
  61  10:01  Roach  
  61  10:02  Overseer  
  63  10:09  Overseer  
  63  10:10  Hydralisk  
  63  10:14  Drone x2  
  63  10:17  Drone  
  63  10:19  Hydralisk  
  63  10:20  Drone  
  65  10:22  Drone  
  64  10:29  Roach  
  66  10:37  Spine Crawler  
  66  10:38  Drone, Hydralisk  
  47  10:43  Hydralisk  
  47  10:46  Overlord  
  47  10:49  Overlord  
  45  10:55  Zergling x2  
  29  10:59  Zergling x2  
  19  11:18  Spawning Pool  
  19  11:19  Hatchery  
Tags
 
Add a new tag
Caveats
  • Supply blocks, unpowered buildings, or Contaminate may cause inaccurate times.
  • Supply counts are checked every 10 seconds.